 Dungeon Crawl Stone Soup version 0.31-a0-188-g5e087ee2ca (webtiles) character file.

Game seed: 2337044290810972386

257 qw the Skirmisher (level 5, -6/30 HPs)
             Began as a Deep Elf Hunter on June 23, 2023.
             Mangled by an orc warrior
             ... wielding a +0 trident
              (12 damage)
             ... on level 3 of the Dungeon.
             The game lasted 00:00:43 (1507 turns).

qw the Skirmisher (Deep Elf Hunter)                 Turns: 1507, Time: 00:00:43

Health: -6/30      AC:  8    Str: 10    XL:     5   Next: 93%
Magic:  7/7        EV: 11    Int: 14    God:
Gold:   107        SH:  0    Dex: 18    Spells: 4/4 levels left

rFire   . . .        Y - +1 shortbow (flame)
rCold   . . .        (shield currently unavailable)
rNeg    . . .        m - +0 ring mail
rPois   .            (no helmet)
rElec   .            (no cloak)
rCorr   .            o - +0 pair of gloves
SInv    .            n - +1 pair of boots
Will    .....        (no amulet)
Stlth   +            (no ring)
HPRegen 0.25/turn    (no ring)
MPRegen 0.10/turn

%: no passive effects
@: no status effects
A: no striking features
a: no special abilities


You were on level 3 of the Dungeon.
You visited 1 branch of the dungeon, and saw 3 of its levels.

You collected 107 gold pieces.


   Skills:
 - Level 2.0 Fighting
 - Level 9.3 Ranged Weapons
 + Level 0.0 Armour
 - Level 2.4 Dodging
 - Level 1.2 Stealth


You had 4 spell levels left.
You didn't know any spells.
Your spell library was empty.

Inventory:

Hand Weapons
 Y - a +1 shortbow of flaming (weapon)
Armour
 m - a +0 ring mail (worn)
 n - a +1 pair of boots (worn)
 o - a +0 pair of gloves (worn)
Scrolls
 b - a scroll of identify
Potions
 d - a potion of might
 f - a potion of enlightenment
 g - a potion of curing

Dungeon Overview and Level Annotations

Branches:
Dungeon (3/15)

Altars:

Annotations:
D:1 1 runed translucent door


Message History

Your Fighting skill increases to level 2!
You shoot an arrow.
The arrow barely misses the orc warrior.
You shoot an arrow. The arrow hits the orc warrior.
The arrow burns the orc warrior.
The orc warrior is lightly wounded.
You shoot an arrow. The arrow hits the orc warrior.
The arrow burns the orc warrior.
The orc warrior is heavily wounded.
An orc wizard comes into view. It is wielding a +0 dagger.
You shoot an arrow. The orc wizard shouts!
The arrow hits the orc wizard but does no damage.
You hear a shout!
1502 ||| Stepping ~*~*~tactically~*~*~ (outnumbered).
Enter note:
Enter note: You shoot an arrow.
The arrow hits the orc warrior.
The arrow burns the orc warrior.
The orc warrior is severely wounded.
The orc warrior hits you from afar with a +0 trident.
You shoot an arrow.
The arrow hits the orc warrior but does no damage.
The orc warrior is severely wounded.
The orc warrior hits you from afar with a +0 trident!
You shoot an arrow.
The arrow closely misses the orc warrior.
The orc warrior hits you from afar with a +0 trident!
You shoot an arrow. The arrow hits the orc warrior.
The arrow burns the orc warrior.
The orc warrior is severely wounded.
The orc warrior closely misses you.
You shoot an arrow. The arrow hits the orc warrior.
The arrow burns the orc warrior.
The orc warrior is almost dead.
The orc wizard gestures wildly while chanting.
The orc wizard flickers and vanishes!
Deactivating autopickup; reactivate with Ctrl-A.
The orc warrior hits you from afar with a +0 trident!
You die...

....).......##...##
#######.........##
######.###.#
#...##.###.#
#..........#
#...##.###.#
##.###.# #.#
#.###.# #.#
#######@#...# #.#
..........###
#.#######o# {# .#
.# .# o. )#


You could see an orc warrior.

Vanquished Creatures
  Sigmund (D:3)
  An orc priest (D:3)
  2 adders (D:3)
  A worm (D:2)
  A dart slug (D:1)
  4 orcs (D:3)
  A ball python (D:1)
  5 bats
  4 endoplasms
  A giant cockroach (D:1)
  4 hobgoblins
  7 kobolds
  A quokka (D:2)
  5 frilled lizards
  3 rats
41 creatures vanquished.

Notes
Turn   | Place    | Note
-------+----------+-------------------------------------------
     0 | D:1      | qw the Deep Elf Hunter began the quest for the Orb.
     0 | D:1      | Reached XP level 1. HP: 12/12 MP: 3/3
     0 | D:1      | 0 ||| qw: Version: 0.3-a-9-g12657ce
     0 | D:1      | 0 ||| qw: Game counter: 4026
     0 | D:1      | 0 ||| qw: Always use a shield: true
     0 | D:1      | 0 ||| qw: God list: Okawaru
     0 | D:1      | 0 ||| qw: Allow faded altars: false
     0 | D:1      | 0 ||| qw: Do Orc after D:15 true
     0 | D:1      | 0 ||| qw: Do second Lair branch before Depths: true
     0 | D:1      | 0 ||| qw: Lair rune preference: random
     0 | D:1      | 0 ||| qw: Plans: Normal
     0 | D:1      | 0 ||| PLANNING D:1-11
     1 | D:1      | Found a runed translucent door.
   291 | D:1      | Reached skill level 6 in Ranged Weapons
   291 | D:1      | Reached XP level 2. HP: 16/16 MP: 4/4
   651 | D:1      | 651 ||| UPGRADING to +0 ring mail.
   661 | D:1      | 661 ||| DROPPING +0 leather armour.
   662 | D:1      | 662 ||| UPGRADING to +1 pair of boots.
   667 | D:1      | 667 ||| UPGRADING to +0 pair of gloves.
   672 | D:1      | 672 ||| READING scroll labelled BOFYUL OMOR.
   673 | D:1      | 673 ||| READING scroll labelled EMYXUA DAEPH.
   674 | D:1      | 674 ||| READING scroll labelled SIMYNO TOMAMN.
   675 | D:1      | 675 ||| READING scroll labelled VYFOIR NIDUSS.
   676 | D:1      | 676 ||| READING scroll labelled ELAMPU ODYPTIEH.
   677 | D:1      | 677 ||| DRINKING 2 gluggy blue potions.
   678 | D:1      | 678 ||| DROPPING scroll of butterflies.
   800 | D:2      | Reached XP level 3. HP: 20/20 MP: 5/5
  1028 | D:2      | 1028 ||| READING scroll labelled YFUODD MEMNA.
  1032 | D:2      | 1032 ||| READING 2 scrolls labelled LOIVIU COGUFIL.
  1033 | D:2      | 1033 ||| READING scroll labelled FOIMOPHE EXZID.
  1034 | D:2      | 1034 ||| DRINKING 2 fuming emerald potions.
  1035 | D:2      | 1035 ||| DROPPING scroll of amnesia.
  1204 | D:3      | Reached skill level 7 in Ranged Weapons
  1207 | D:3      | HP: 5/20 [poisoned by an adder]
  1209 | D:3      | HP: 2/20 [poisoned by an adder]
  1365 | D:3      | Noticed Sigmund
  1367 | D:3      | 1367 ||| DRINKING 2 potions of curing.
  1367 | D:3      | 1367 ||| (to cure confusion)
  1376 | D:3      | Killed Sigmund
  1377 | D:3      | Reached skill level 9 in Ranged Weapons
  1377 | D:3      | Reached XP level 4. HP: 10/25 MP: 6/6
  1377 | D:3      | Reached XP level 5. HP: 11/29 MP: 7/7
  1377 | D:3      | 1377 ||| FLEEEEING.
  1378 | D:3      | 1378 ||| FLEEEEING.
  1379 | D:3      | 1379 ||| FLEEEEING.
  1382 | D:3      | 1382 ||| FLEEEEING.
  1383 | D:3      | 1383 ||| FLEEEEING.
  1386 | D:3      | 1386 ||| FLEEEEING.
  1387 | D:3      | 1387 ||| FLEEEEING.
  1388 | D:3      | 1388 ||| FLEEEEING.
  1389 | D:3      | 1389 ||| FLEEEEING.
  1391 | D:3      | 1391 ||| FLEEEEING.
  1392 | D:3      | 1392 ||| FLEEEEING.
  1396 | D:3      | 1396 ||| FLEEEEING.
  1397 | D:3      | 1397 ||| FLEEEEING.
  1398 | D:3      | 1398 ||| FLEEEEING.
  1399 | D:3      | 1399 ||| FLEEEEING.
  1400 | D:3      | 1400 ||| FLEEEEING.
  1403 | D:3      | 1403 ||| FLEEEEING.
  1404 | D:3      | 1404 ||| FLEEEEING.
  1405 | D:3      | 1405 ||| FLEEEEING.
  1408 | D:3      | 1408 ||| STAIRDANCE
  1449 | D:2      | 1449 ||| READING scroll labelled COXTU ZAXKU.
  1450 | D:2      | 1450 ||| READING 3 scrolls of identify.
  1450 | D:2      | 1450 ||| IDENTIFYING amethyst potion
  1451 | D:2      | 1451 ||| READING 2 scrolls of identify.
  1451 | D:2      | 1451 ||| IDENTIFYING red potion
  1452 | D:2      | 1452 ||| DROPPING potion of magic.
  1497 | D:3      | Noticed an orc warrior
  1502 | D:3      | 1502 ||| Stepping ~*~*~tactically~*~*~ (outnumbered).
  1505 | D:3      | HP: 6/30 [orc warrior/+0 trident (8)]
  1507 | D:3      | Mangled by an orc warrior

Levels and vault maps discovered:
D:1:      dpeg_arrival_caged_fury, layout_loops_ring, minmay_misc_feat_plants,
          minmay_tall_x
D:2:      layout_rooms
D:3:      layout_loops_ring, uniq_sigmund

Skill      XL: |  1  2  3  4  5 |
---------------+----------------+-----
Ranged Weapons | 6 9 |  9.3
Fighting       | 2 |  2.0
Dodging        | |  2.4
Stealth        | |  1.2

Action                     |  1- 3 |  4- 6 || total
---------------------------+-------+-------++-------
   Fire: Shortbow          |   118 |    12 ||   130
    Use: Scroll            |     8 |     3 ||    11
         Potion            |     3 |       ||     3
 Armour: Leather armour    |     4 |       ||     4
         Ring mail         |    14 |       ||    14
  Dodge: Dodged            |    21 |     2 ||    23

Table legend:
 A = Non-vault XP
 B = Vault XP
 C = Vault XP percentage of total XP
 D = Non-vault monster count
 E = Vault monster count
 F = Vault count percentage of total count
                 A         B        C        D         E       F
            +---------+---------+-------+---------+---------+-------
      Total |     127 |     241 |  65.5 |      36 |       5 |  12.2
            +---------+---------+-------+---------+---------+-------
        D:1 |      21 |      10 |  32.3 |      13 |       4 |  23.5
        D:2 |      19 |       0 |   0.0 |      11 |       0 |   0.0
        D:3 |      87 |     231 |  72.6 |      12 |       1 |   7.7
            +---------+---------+-------+---------+---------+-------
